 Dungeon Crawl Stone Soup version 0.31-a0-1388-g4b2ba238e7 (webtiles) character file.

Game seed: 15789993696667286712

486 billz999 the Gusty (level 6, -1/12 HPs)
             Began as a Vampire Earth Elementalist on Dec 24, 2023.
             Slain by Eustachio
             ... wielding a +2 falchion of protection
              (4 damage)
             ... on level 4 of the Dungeon.
             The game lasted 00:11:41 (3761 turns).

billz999 the Gusty (Vampire Earth Elementalist)     Turns: 3761, Time: 00:11:42

Health: -1/12      AC:  6    Str:  7    XL:     6   Next: 89%
Magic:  4/9        EV: 17    Int: 19    God:
Gold:   227        SH:  0    Dex: 15    Spells: 3/10 levels left

rFire   . . .        d - melded +2 dagger (speed)
rCold   . . .        (shield currently unavailable)
rNeg    . . .        a - melded +0 robe
rPois   .            g - +1 helmet
rElec   .            (no cloak)
rCorr   .            (no gloves)
SInv    +            (no boots)
Will    .....        (no amulet)
Stlth   +            h - +4 ring of protection
HPRegen 0.42/turn    (no ring)
MPRegen 0.11/turn

%: no passive effects
@: about to teleport, flux-form, healing quickly, glowing
A: glow, contaminating, reduced hp, alive, fangs 3, see invisible, vampiric 2
a: Exsanguinate, Begin Untransformation


You were on level 4 of the Dungeon.
You were something dangerously unstable.
You visited 1 branch of the dungeon, and saw 4 of its levels.

You collected 227 gold pieces.

Inventory:

Hand Weapons
 d - a +2 dagger of speed (melded)
 i - a +0 dagger
 m - a +0 long sword
 u - a +0 short sword of protection
Armour
 a - a +0 robe (melded)
 g - a +1 helmet (worn)
Jewellery
 h - a +4 ring of protection (left hand)
Talismans
 c - a flux talisman (active)
 j - a granite talisman
Scrolls
 e - a scroll of enchant armour {unknown}
 f - 2 scrolls of identify {unknown}
 o - a scroll of brand weapon {unknown}
 q - a scroll of immolation {unknown}
 r - a scroll of fear {unknown}
Potions
 b - a potion of magic
 k - 2 potions of haste {unknown}
 l - a potion of ambrosia {unknown}
 n - 2 potions of degeneration {unknown}
 p - a potion of cancellation {unknown}
 s - a potion of might {unknown}
 t - 4 potions of curing {unknown}


   Skills:
 - Level 2.8 Dodging
 - Level 4.0 Stealth
 - Level 2.5 Spellcasting
 + Level 0.0 Conjurations
 - Level 2.0 Necromancy
 - Level 5.4 Air Magic
 * Level 3.6 Earth Magic
 - Level 2.0 Alchemy


You had 3 spell levels left.
You knew the following spells:

 Your Spells              Type           Power      Damage    Failure   Level
a - Sandblast             Erth           32%        2d9       3%          1
b - Cigotuvi's Dreadful   Necr/Alch/Air  28%        N/A       7%          2
c - Brom's Barrelling Bo  Conj/Erth      9%         2d3       58%         4

Your spell library contained the following spells:

 Spells                   Type           Power      Damage    Failure   Level
 Passwall                 Alch/Erth      10%        N/A       8%          2
 Stone Arrow              Conj/Erth      18%        3d8       22%         3
 Petrify                  Alch/Erth      13%        N/A       45%         4
 Dispel Undead            Necr           9%         3d8       56%         4
 Death Channel            Necr           4%         N/A       100%        6


Dungeon Overview and Level Annotations

Branches:
Dungeon (4/15)
 Temple: D:4-7

Altars:

Annotations:
D:4 Eustachio, Pikel


Innate Abilities, Weirdness & Mutations

You are something dangerously unstable.
You glow with magical radiation, making you easy to see and hit.
Foes you strike become dangerously contaminated with magical radiation.
Your maximum health is decreased, since you lack skill for your form.
You are incapable of wielding weapons or throwing items.
Your natural rate of healing is accelerated.
You have razor-sharp teeth.
You have supernaturally acute eyesight. (SInv)
You are afflicted with vampirism and can become a bat while bloodless.


Message History

Eustachio gestures wildly while chanting.
You continue transforming.
The quasit bites you but does no damage.
The quasit claws you but does no damage. x2
Eustachio hits you with a +2 falchion of protection!
You continue transforming.
The quasit bites you but does no damage.
The quasit claws you but does no damage.
The quasit misses you. Eustachio barely misses you.
You turn into something dangerously unstable.
Your +2 dagger of speed melds into your body.
Your +0 robe melds into your body.
You hit Eustachio but do no damage.
Eustachio begins to glow.
The quasit misses you. The quasit barely misses you. x2
Eustachio mumbles some strange words.
You hit Eustachio but do no damage.
Eustachio glows dangerously bright.
The quasit misses you. The quasit closely misses you.
The quasit claws you but does no damage.
The quasit bites you but does no damage.
The quasit claws you. The quasit barely misses you.
The rat completely misses you. Eustachio closely misses you.
Unknown command.
You hit Eustachio but do no damage.
Eustachio shudders as magic cascades through him.
Eustachio twists and deforms.
The quasit barely misses you. The quasit misses you. The quasit claws you.
The rat closely misses you.
Eustachio utters an oath, "I will die for my friends!"
Eustachio hits you with a +2 falchion of protection!
Ouch! That really hurt!
* * * LOW HITPOINT WARNING * * *
The river rat squeaks loudly.
Unknown command.
As you read the scroll of teleportation, it crumbles to dust.
You feel strangely unstable.
You hear a shout!
The quasit completely misses you. The quasit misses you.
The quasit claws you but does no damage.
Eustachio hits you with a +2 falchion of protection.
You die...
Eustachio says, "Such is the fate of all honourless rascals."

#....## ##.......# #. #.....##
#......... #. ##### ##.##..#
#......... ## ....####
#.###.###.........# #.
###...>###.# #..##.........# #.
######.....# ##.##.........# ##.
..###.....## #.##.........# #..
).##.......# #r5#.<.......# #.)
..##.......# ##p#...$.....####.#
...#.......# #@#r........##)..#
...##.....## #Br.B.......#..###
...........# ##.#..........##
...........# #..#..........##
..#........# ####....#........#
.##.#.....## #..####..........#
....#....## #..## ##.........#
.#....#..#######..###...#.....##


You could see Eustachio (misshapen), a quasit (summoned), a river rat
(summoned), a giant cockroach and a rat (summoned).

Vanquished Creatures
  A phantom (D:4)
  2 scorpions (D:4)
  A bombardier beetle (D:4)
  A hound (D:4)
  A gnoll bouda (D:4)
  An iguana (D:4)
  2 orc wizards
  4 adders
  2 gnolls (D:4)
  A dart slug (D:4)
  7 orcs
  3 ball pythons
  6 bats
  8 endoplasms
  3 giant cockroaches
  4 goblins
  6 hobgoblins
  4 jackals (D:3)
  2 quokkas
  3 frilled lizards (D:1)
  4 kobolds
  5 rats
71 creatures vanquished.

Notes
Turn   | Place    | Note
-------+----------+-------------------------------------------
     0 | D:1      | billz999 the Vampire Earth Elementalist began the quest for
                  | the Orb.
     0 | D:1      | Reached XP level 1. HP: 13/13 MP: 3/3
   246 | D:1      | Reached XP level 2. HP: 17/19 MP: 1/5
   928 | D:2      | Gained mutation: You are afflicted with vampirism and can
                  | become a bat while bloodless. [Vampire growth]
   928 | D:2      | Reached XP level 3. HP: 22/24 MP: 0/6
  2075 | D:3      | Reached XP level 4. HP: 30/30 MP: 7/7
  2078 | D:3      | Learned a level 2 spell: Cigotuvi's Dreadful Rot
  2699 | D:4      | Noticed a scorpion
  2716 | D:4      | Reached skill level 1 in Necromancy
  2716 | D:4      | Reached skill level 1 in Air Magic
  2794 | D:4      | Killed a scorpion
  2795 | D:4      | Reached skill level 2 in Air Magic
  2795 | D:4      | Reached XP level 5. HP: 30/35 MP: 3/8
  2812 | D:4      | Reached skill level 3 in Air Magic
  2927 | D:4      | Noticed Pikel
  2927 | D:4      | Noticed a lemure
  2928 | D:4      | Noticed a lemure
  2928 | D:4      | Noticed a lemure
  2929 | D:4      | Noticed a lemure
  3055 | D:4      | Reached XP level 6. HP: 36/41 MP: 5/9
  3106 | D:4      | Reached skill level 4 in Air Magic
  3308 | D:4      | Noticed Eustachio
  3310 | D:4      | Reached skill level 5 in Air Magic
  3602 | D:4      | Learned a level 4 spell: Brom's Barrelling Boulder
  3761 | D:4      | Slain by Eustachio

Illustrated notes

Levels and vault maps discovered:
D:1:      lemuel_arrival_river_passageway, layout_basic,
          chequers_serial_rivers_room_a, fountainhead, minmay_misc_feat_rows
D:2:      layout_loops_ring
D:3:      layout_loops_corners, amcnicky_mini_rare_corridor_liquid
D:4:      layout_rooms, uniq_eustachio, uniq_pikel

Skill      XL: |  1  2  3  4  5  6 |
---------------+-------------------+-----
Alchemy        | 2 |  2.0
Stealth        | 4 |  4.0
Necromancy     | 2 |  2.0
Air Magic      | 2 3 5 |  5.4
Dodging        | |  2.8
Spellcasting   | |  2.5
Earth Magic    | |  3.6

Action                     |  1- 3 |  4- 6 || total
---------------------------+-------+-------++-------
  Melee: Unarmed           |     9 |     3 ||    12
         Dagger            |     5 |     5 ||    10
         Long sword        |    10 |    15 ||    25
         Bite              |     2 |     4 ||     6
         Short sword       |       |     7 ||     7
   Cast: Sandblast         |    45 |    82 ||   127
         Cigotuvi's Dreadf |       |     1 ||     1
    Use: Scroll            |     1 |     1 ||     2
         Potion            |       |     2 ||     2
   Stab: Sleeping          |     3 |     2 ||     5
         Invisible         |       |     1 ||     1
 Armour: Robe              |    25 |    92 ||   117
         Skin              |       |     7 ||     7
  Dodge: Dodged            |    24 |    86 ||   110
   Form: Flux              |       |     1 ||     1

Table legend: (Time is in decaauts)
 A = Elapsed time spent in this place.
 B = Non-inter-level travel time spent in this place.
 C = Inter-level travel time spent in this place.
 D = Time resting spent in this place.
 E = Time spent auto-exploring this place.
 F = Levels seen in this place.
 G = Mean time per level.
                   A        B        C        D        E       F      G
               +--------+--------+--------+--------+--------+-----+--------+
         Total |   3842 |   3662 |    180 |     42 |   2961 |   4 |  960.5 |
       Dungeon |   3842 |   3662 |    180 |     42 |   2961 |   4 |  960.5 |
               +--------+--------+--------+--------+--------+-----+--------+

Top non-repeatable levels by time:
     D:3: 1213 daAuts
     D:4: 929 daAuts
     D:1: 890 daAuts
     D:2: 808 daAuts
